 Dungeon Sprint DCSS version 0.21.2 (webtiles) character file.

20195 Fang the Severer (level 12, -9/91 HPs)
             Began as a Gargoyle Berserker on Oct 3, 2018.
             Was a High Priest of Trog.
             Killed by the raging water
             ... invoked by a water nymph
              (18 damage)
             ... in the Dungeon (Sprint IX: "|||||||||||||||||||||||||||||").
             The game lasted 00:13:33 (3254 turns).

Fang the Severer (Gargoyle Berserker)               Turns: 3254, Time: 00:13:34

Health: -9/91      AC: 20    Str: 26    XL:     12   Next: 76%
Magic:  12/12      EV: 16    Int:  4    God:    Trog [*****.]
Gold:   1757       SH:  0    Dex: 11    Spells: 11/11 levels left

rFire    . . .     SeeInvis .   y - +9 executioner's axe of Taros {freeze, rElec rPois Int-4 Dex+2}
rCold    . . .     Gourm    .   (shield currently unavailable)
rNeg     + . .     Faith    .   v - +2 robe {MR+}
rPois    ∞         Spirit   .   D - +1 helmet
rElec    +         Reflect  .   (no cloak)
rCorr    .         Harm     .   (no gloves)
MR       +....     NoTele   +   (no boots)
Stlth    ++........             (no amulet)
HPRegen  0.25/turn              o - +2 ring of protection
MPRegen  0.13/turn              p - +2 ring of protection

@: berserk cooldown, mesmerised, slowed, very slow
A: negative energy resistance 1, electricity resistance, unbreathing,
petrification resistance, rot immunity, AC +8
a: Berserk, Trog's Hand, Brothers in Arms, Burn Spellbooks, Renounce Religion


You were in the Dungeon.
You worshipped Trog.
Trog was extremely pleased with you.
You were hungry.

You visited 1 branch You collected 1757 gold pieces.

Inventory:

Hand Weapons
 q - a +6 battleaxe of freezing
 s - the +12 battleaxe of Compound Interest {speed, rPois}
   (Trog gifted it to you in the Dungeon)

   Attacks with this weapon are significantly faster.
   It protects you from poison.
 t - a +3 antimagic broad axe
 y - the +9 executioner's axe of Taros (weapon) {freeze, rElec rPois Int-4 Dex+2}
   (Trog gifted it to you in the Dungeon)

   It has been specially enchanted to freeze those struck by it, causing extra
   injury to most foes and up to half again as much damage against particularly
   susceptible opponents.
   It can also slow down cold-blooded creatures.
   It affects your intelligence (-4).
   It affects your dexterity (+2).
   It insulates you from electricity.
   It protects you from poison.
 A - a +6 hand axe of flaming
 I - a +6 executioner's axe of freezing
Armour
 n - a +2 hat
 v - a +2 robe of magic resistance (worn)
 D - a +1 helmet (worn)
 E - a +3 scale mail
Jewellery
 o - a +2 ring of protection (left hand)
 p - a +2 ring of protection (right hand)
 r - an uncursed ring of protection from fire
 z - an uncursed ring of protection from fire
 B - an uncursed ring of protection from fire
 C - an uncursed ring of protection from magic
Wands
 m - a wand of iceblast (10)
 w - a wand of disintegration (16)
Scrolls
 i - 3 scrolls of blinking
 j - 3 scrolls of fog
 l - 5 scrolls of remove curse
 G - a scroll of fear
Potions
 a - 4 potions of brilliance
 d - 8 potions of curing
 e - 2 potions of heal wounds
 f - 2 potions of haste
 g - 4 potions of magic
 h - 3 potions of berserk rage
 k - a potion of invisibility
 u - a potion of agility
 x - a potion of lignification
 F - a potion of might
Comestibles
 c - 11 rations


   Skills:
 + Level 17.1 Fighting
 + Level 20.6 Axes
 + Level 12.1 Armour
 + Level 7.8 Dodging
 + Level 4.5 Stealth


You had 11 spell levels left.
You didn't know any spells.

Dungeon Overview and Level Annotations

Branches:
Dungeon (1/1)

Altars:
Cheibriados
Dithmenos
Elyvilon
Fedhas
Gozag
Hepliaklqana
Kikubaaqudgha
Makhleb
Nemelex Xobeh
Okawaru
Qazlal
Ru
Sif Muna
Trog
Uskayaw
Vehumet
Wu Jian
Xom
Yredelemnul
Zin
The Shining One
Beogh
Jiyva
Lugonu

Shops:
D ::((


Innate Abilities, Weirdness & Mutations

You are resistant to torment.
Your stone body is resilient. (AC +8)
You are immune to poison.
You resist negative energy. (rN+)
You are resistant to electric shocks. (rElec)
You can survive without breathing.
You are immune to petrification.
You are immune to rotting.


Message History

Unknown command.
You cannot move away from the merfolk avatar!
Unknown command.
You cannot move away from the merfolk avatar!
Unknown command.
You slash the water nymph! You freeze the water nymph.
The water nymph is severely wounded.
The merfolk avatar chants its luring song.
The water nymph touches you. The snapping turtle closely misses you.
The merfolk avatar chants its luring song.
The water nymph points at you and mumbles some strange words.
The water swirls and strikes you!
* * * LOW HITPOINT WARNING * * *
The snapping turtle closely misses you.
You closely miss the water nymph.
The water nymph is severely wounded.
The merfolk avatar chants its luring song.
The water nymph points at you and mumbles some strange words.
The water swirls and strikes you!
You die...

▓▓▓▓▓▓▓▓▓▓▓▓▓▓▓▓▓▓▓▓▓▓▓▓▓
..cmmmtm@C........)......
▓▓▓▓▓▓▓▓▓▓▓▓▓▓▓▓▓▓▓▓▓▓▓▓▓▓▓▓▓▓▓▓▓
.................................
▓▓▓▓▓▓▓▓▓▓▓▓▓▓▓▓▓▓▓▓▓▓▓▓▓▓▓▓▓▓▓▓▓
(((..(....[[.[[[[..)))))))).....'
▓▓▓▓▓▓▓▓▓▓▓▓▓▓▓▓▓▓▓▓▓▓▓▓▓▓▓▓▓▓▓▓▓
.................................
▓▓▓▓▓▓▓▓▓▓▓▓▓▓▓▓▓▓▓▓▓▓▓▓▓▓▓▓▓▓▓▓▓
)'...)....))))')).)..[)))))['....


You could see a merfolk avatar, a snapping turtle, 2 merfolk, a water nymph, a
centaur and a friendly cyclops (berserk).

Vanquished Creatures
  Gastronok (D)
  Josephine (D)
  A hydra (D)
  A satyr (D)
  3 centaur warriors (D)
  A wizard (D)
  2 orc knights (D)
  A manticore (D)
  A cyclops (D)
  2 ugly things (D)
  Maurice (D)
  3 spiny frogs (D)
  2 torpor snails (D)
  A demonic crawler (D)
  A komodo dragon (D)
  A jumping spider (D)
  A wind drake (D)
  A troll (D)
  A hornet (D)
  2 hippogriffs (D)
  A blink frog (D)
  3 redbacks (D)
  4 wraiths (D)
  2 tarantellas (D)
  A yak (D)
  A hungry ghost (D)
  3 wargs (D)
  A hell hound (D)
  17 orc warriors (D)
  A water moccasin (D)
  A black bear (D)
  4 wolves (D)
  A centaur (D)
  3 crocodiles (D)
  A big kobold (D)
  3 bullfrogs (D)
  A scorpion (D)
  2 howler monkeys (D)
  A crimson imp (D)
  A hound (D)
  2 orc priests (D)
  2 orc wizards (D)
  An adder (D)
  A shadow imp (D)
  A leopard gecko (D)
  7 orcs (D)
  A ball python (D)
  A quokka (D)
  2 kobolds (D)
  A rat (D)
99 creatures vanquished.

Vanquished Creatures (collateral kills)
  A rakshasa (D)
  2 centaur warriors (D)
  An orc high priest (D)
  An orc knight (D)
  A cyclops (shapeshifter) (D)
  An ugly thing (D)
  A black mamba (D)
  A komodo dragon (D)
  A tengu conjurer (D)
  A slime creature (D)
  A basilisk (D)
  A porcupine (D)
  8 orc warriors (D)
21 creatures vanquished.

Grand Total: 120 creatures vanquished

Notes
Turn   | Place    | Note
-------+----------+-------------------------------------------
     0 | D        | Fang the Gargoyle Berserker began the quest for the Orb.
     0 | D        | Reached XP level 1. HP: 14/14 MP: 1/1
     6 | D        | Reached skill level 3 in Axes
     8 | D        | Reached ** piety under Trog
   143 | D        | Noticed a centaur
   143 | D        | Noticed a scorpion
   148 | D        | Killed a scorpion
   148 | D        | Reached skill level 5 in Fighting
   148 | D        | Reached skill level 5 in Axes
   148 | D        | Reached XP level 2. HP: 11/22 MP: 2/2
   148 | D        | Reached XP level 3. HP: 13/27 MP: 3/3
   151 | D        | Killed a centaur
   151 | D        | Reached *** piety under Trog
   151 | D        | Reached skill level 6 in Axes
   151 | D        | Reached XP level 4. HP: 12/34 MP: 4/4
   151 | D        | Reached XP level 5. HP: 14/38 MP: 5/5
   226 | D        | Found a roughly hewn altar of Beogh.
   226 | D        | Found a snail-covered altar of Cheibriados.
   226 | D        | Found a shadowy altar of Dithmenos.
   226 | D        | Found a white marble altar of Elyvilon.
   226 | D        | Found a blossoming altar of Fedhas.
   226 | D        | Found an opulent altar of Gozag.
   227 | D        | Found a hazy altar of Hepliaklqana.
   228 | D        | Found a viscous altar of Jiyva.
   229 | D        | Found an ancient bone altar of Kikubaaqudgha.
   230 | D        | Found a corrupted altar of Lugonu.
   231 | D        | Found a burning altar of Makhleb.
   232 | D        | Found a sparkling altar of Nemelex Xobeh.
   233 | D        | Found an iron altar of Okawaru.
   234 | D        | Found a stormy altar of Qazlal.
   235 | D        | Found a sacrificial altar of Ru.
   236 | D        | Found a deep blue altar of Sif Muna.
   237 | D        | Found a bloodstained altar of Trog.
   238 | D        | Found a hide-covered altar of Uskayaw.
   239 | D        | Found a radiant altar of Vehumet.
   240 | D        | Found an ornate altar of the Wu Jian Council.
   241 | D        | Found a shimmering altar of Xom.
   242 | D        | Found a basalt altar of Yredelemnul.
   243 | D        | Found a glowing silver altar of Zin.
   244 | D        | Found a glowing golden altar of the Shining One.
   386 | D        | Noticed a black bear
   386 | D        | Noticed a big kobold
   393 | D        | Reached **** piety under Trog
   393 | D        | Reached skill level 7 in Axes
   394 | D        | Killed a big kobold
   394 | D        | Reached skill level 8 in Axes
   394 | D        | Reached XP level 6. HP: 45/45 MP: 6/6
   397 | D        | Reached skill level 5 in Armour
   399 | D        | Killed a black bear
   399 | D        | Reached ***** piety under Trog
   399 | D        | Reached skill level 9 in Axes
   408 | D        | Reached skill level 10 in Fighting
   408 | D        | Reached XP level 7. HP: 52/52 MP: 7/7
   511 | D        | Noticed a white ugly thing
   511 | D        | Noticed a hungry ghost
   524 | D        | Killed a hungry ghost
   524 | D        | Reached skill level 10 in Axes
   528 | D        | Killed a white ugly thing
   528 | D        | Reached skill level 11 in Axes
   528 | D        | Reached XP level 8. HP: 60/60 MP: 8/8
   776 | D        | Reached ****** piety under Trog
   776 | D        | Received a gift from Trog
   802 | D        | Noticed a black mamba
   802 | D        | Noticed a yak
   802 | D        | Noticed a four-headed hydra
   802 | D        | Noticed a blink frog
   802 | D        | Noticed a hippogriff
   807 | D        | Killed a hippogriff
   807 | D        | Reached skill level 5 in Dodging
   813 | D        | Killed a ten-headed hydra
   813 | D        | Reached skill level 12 in Axes
   813 | D        | Reached XP level 9. HP: 53/66 MP: 9/9
   816 | D        | Noticed a komodo dragon
   817 | D        | Reached skill level 13 in Axes
   829 | D        | Killed a black mamba
   830 | D        | Killed a komodo dragon
  1220 | D        | Noticed a spiny frog
  1220 | D        | Noticed a spiny frog
  1220 | D        | Noticed a spiny frog
  1223 | D        | Killed a spiny frog
  1223 | D        | Received a gift from Trog
  1223 | D        | Reached skill level 14 in Axes
  1227 | D        | Killed a spiny frog
  1227 | D        | Reached XP level 10. HP: 73/73 MP: 10/10
  1238 | D        | Killed a spiny frog
  1238 | D        | Reached skill level 10 in Armour
  1242 | D        | Reached skill level 15 in Axes
  1330 | D        | Got a crude battleaxe {god gift}
  1331 | D        | Identified the +12 battleaxe of Compound Interest {speed, rPois} (Trog gifted it to you in the Dungeon)
  1343 | D        | Received a gift from Trog
  1353 | D        | Received a gift from Trog
  1405 | D        | Noticed Josephine
  1422 | D        | Killed Josephine
  1422 | D        | Received a gift from Trog
  1422 | D        | Reached skill level 16 in Axes
  1428 | D        | Reached XP level 11. HP: 80/80 MP: 8/11
  1517 | D        | Noticed Maurice
  1526 | D        | Killed Maurice
  1563 | D        | Noticed an orc knight
  1569 | D        | Killed an orc knight
  1576 | D        | Received a gift from Trog
  1598 | D        | Reached skill level 17 in Axes
  1600 | D        | Received a gift from Trog
  1609 | D        | Got an iridescent executioner's axe {god gift}
  1733 | D        | Identified the +9 executioner's axe of Taros {freeze, rElec rPois Int-4 Dex+2} (Trog gifted it to you in the Dungeon)
  1755 | D        | Noticed an orc knight
  1762 | D        | Killed an orc knight
  1762 | D        | Reached skill level 1 in Stealth
  1768 | D        | Noticed an orc high priest
  1801 | D        | Killed an orc high priest
  1802 | D        | Received a gift from Trog
  2011 | D        | Found Buem's Antique Weapon Boutique.
  2016 | D        | Found Fuak's Weapon Shop.
  2017 | D        | Received a gift from Trog
  2020 | D        | Found Ybyt's Book Boutique.
  2021 | D        | Noticed an orc knight
  2030 | D        | Found Velykhlu's Book Shop.
  2035 | D        | Killed an orc knight
  2038 | D        | Reached skill level 15 in Fighting
  2041 | D        | Received a gift from Trog
  2044 | D        | Reached skill level 18 in Axes
  2251 | D        | Noticed Gastronok
  2268 | D        | Killed Gastronok
  2585 | D        | Noticed a cyclops
  2585 | D        | Noticed a centaur warrior
  2585 | D        | Noticed a centaur warrior
  2585 | D        | Noticed a red ugly thing
  2585 | D        | Noticed a centaur warrior
  2589 | D        | Killed a centaur warrior
  2595 | D        | Noticed a centaur warrior
  2595 | D        | Killed a red ugly thing
  2595 | D        | Received a gift from Trog
  2595 | D        | Reached XP level 12. HP: 88/88 MP: 12/12
  2601 | D        | Killed a centaur warrior
  2601 | D        | Reached skill level 19 in Axes
  2607 | D        | Killed a centaur warrior
  2608 | D        | Noticed a rakshasa
  2636 | D        | Killed a centaur warrior
  2637 | D        | Received a gift from Trog
  2643 | D        | Killed a rakshasa
  2646 | D        | Noticed a centaur warrior
  2662 | D        | Killed a centaur warrior
  2859 | D        | Received a gift from Trog
  2859 | D        | Reached skill level 20 in Axes
  2991 | D        | Received a gift from Trog
  3234 | D        | Noticed a satyr
  3238 | D        | Noticed a merfolk avatar
  3238 | D        | Killed a satyr
  3254 | D        | Killed from afar by a water nymph

Skill      XL: |  1  2  3  4  5  6  7  8  9 10 11 12 |
---------------+-------------------------------------+-----
Axes           | 5 6 8 9 11 12 14 16 18 20 | 20.6
Fighting       | 5 7 8 10 11 12 13 14 15 17 | 17.1
Armour         | 3 4 5 7 8 9 11 12 | 12.1
Dodging        | 2 3 4 5 6 7 |  7.8
Stealth        | 3 4 |  4.5

Action                   |  1- 3 |  4- 6 |  7- 9 | 10-12 || total
-------------------------+-------+-------+-------+-------++-------
Melee: Hand axe          |    25 |     4 |       |       ||    29
       War axe           |       |    19 |    42 |    22 ||    83
       Battleaxe         |       |       |       |   185 ||   185
       Executioner's axe |       |       |       |    16 ||    16
Invok: Berserk           |     1 |     1 |     3 |     6 ||    11
       Burn Spellbooks   |       |       |     1 |       ||     1
       Brothers in Arms  |       |       |     1 |     7 ||     8
  Use: Scroll            |       |       |       |     3 ||     3
       Potion            |       |       |       |     1 ||     1
 Stab: Sleeping          |       |       |       |     1 ||     1
  Eat: Chunk             |       |       |     6 |    11 ||    17
       Ration            |       |       |       |     1 ||     1
Armor: Animal skin       |     4 |       |       |       ||     4
       Chain mail        |       |    10 |    24 |    18 ||    52
       Robe              |       |       |       |    48 ||    48
Dodge: Dodged            |    14 |    11 |    23 |    82 ||   130
